 Dungeon Crawl Stone Soup version 0.31-a0-237-g2d982f9f85 (webtiles) character file.

Game seed: 11027075465295899784

182 qw the Shooter (level 5, -4/45 HPs)
             Began as a Minotaur Hexslinger on July 11, 2023.
             Slain by a gnoll
             ... wielding a +0 club
              (5 damage)
             ... on level 3 of the Dungeon.
             The game lasted 00:00:50 (2000 turns).

qw the Shooter (Minotaur Hexslinger)                Turns: 2000, Time: 00:00:51

Health: -4/45      AC:  6    Str: 12    XL:     5   Next: 34%
Magic:  5/5        EV: 11    Int: 10    God:
Gold:   88         SH:  0    Dex: 15    Spells: 5/6 levels left

rFire   . . .        Y - +1 sling
rCold   . . .        (no shield)
rNeg    . . .        d - +0 ring mail
rPois   .            e - +1 hat
rElec   .            (no cloak)
rCorr   .            (no gloves)
SInv    .            (no boots)
Will    .....        (no amulet)
Stlth   +            (no ring)
HPRegen 0.27/turn    (no ring)
MPRegen 0.09/turn

%: no passive effects
@: no status effects
A: horns 2, retaliatory headbutt
a: no special abilities


You were on level 3 of the Dungeon.
You visited 1 branch of the dungeon, and saw 3 of its levels.

You collected 145 gold pieces.
You spent 57 gold pieces at shops.


Innate Abilities, Weirdness & Mutations

You have a pair of horns on your head.
You reflexively headbutt those who attack you in melee.


   Skills:
 - Level 3.0 Fighting
 + Level 5.5 Ranged Weapons
 - Level 1.0 Armour
 - Level 2.1 Dodging
 - Level 1.0 Spellcasting
 - Level 2.0 Hexes


You had 5 spell levels left.
You knew the following spells:

 Your Spells              Type           Power      Damage    Failure   Level
a - Slow                  Hex            16%        N/A       34%         1

Your spell library contained the following spells:

 Spells                   Type           Power      Damage    Failure   Level
 Inner Flame              Hex/Fire       2%         N/A       83%         3
 Portal Projectile        Hex/Tloc       4%         N/A       83%         3
 Cause Fear               Hex            2%         N/A       98%         4

Inventory:

Hand Weapons
 Y - a +1 sling (weapon)
Armour
 d - a +0 ring mail (worn)
 e - a +1 hat (worn)
Scrolls
 a - a scroll of identify
 g - a scroll of enchant weapon {unknown}
Potions
 b - a potion of enlightenment
 c - a potion of ambrosia {unknown}
 f - a potion of haste {unknown}
 h - a potion of might {unknown}
 i - a potion of experience {unknown}

Dungeon Overview and Level Annotations

Branches:
Dungeon (3/15)

Altars:
Sif Muna

Shops:
D:1 *


Message History

The gnoll hits you with a +0 flail!
The gnoll hits you from afar with a +0 spear.
You shoot a sling bullet.
The sling bullet barely misses the gnoll. x2
The gnoll misses you. You furiously retaliate!
You headbutt the gnoll.
You kill the gnoll!
The gnoll hits you from afar with a +0 spear. x2
You shoot a sling bullet. The sling bullet hits the gnoll.
The gnoll is moderately wounded.
The gnoll misses you. The gnoll closely misses you.
You shoot a sling bullet. The sling bullet hits the gnoll.
The gnoll is heavily wounded.
The gnoll closely misses you. The gnoll barely misses you.
You shoot a sling bullet.
The sling bullet hits the gnoll but does no damage.
The gnoll is heavily wounded.
The gnoll closely misses you.
The gnoll hits you from afar with a +0 spear. x2
The gnoll barely misses you.
You shoot a sling bullet.
The sling bullet hits the gnoll but does no damage.
The gnoll is heavily wounded.
The gnoll hits you from afar with a +0 spear.
The gnoll closely misses you.
You shoot a sling bullet. The sling bullet hits the gnoll.
The gnoll is severely wounded.
The gnoll barely misses you. The gnoll completely misses you.
You shoot a sling bullet. The sling bullet hits the gnoll.
You kill the gnoll!
The gnoll hits you but does no damage.
The gnoll hits you from afar with a +0 spear!
You shoot a sling bullet. The sling bullet hits the gnoll!
The gnoll is heavily wounded.
The gnoll hits you from afar with a +0 spear.
The gnoll misses you.
You shoot a sling bullet. The sling bullet hits the gnoll.
The gnoll is almost dead.
The gnoll hits you from afar with a +0 spear.
The gnoll hits you with a +0 club.
You die...

#.. .. .. #. ######## #.##
#....... )g# #.#####. #g#
#.##.... #@# #.##.##. #.#
#.##.##. ##.## #....... #..)#
####.### #...####### ##.###
<..###+###.##.........####.....
#...#.$...#.##..(.####.##......#
##.#.#.$...#..........#.##......#
.#...#.._..#.............#.......


You could see 2 gnolls.

Vanquished Creatures
  An orc priest (D:3)
  Terence (D:2)
  2 adders
  4 gnolls (D:3)
  2 worms (D:2)
  2 dart slugs (D:1)
  4 orcs (D:3)
  5 ball pythons
  6 endoplasms
  6 giant cockroaches
  4 goblins
  4 hobgoblins
  2 bats
  6 frilled lizards
  4 kobolds
  6 rats
59 creatures vanquished.

Notes
Turn   | Place    | Note
-------+----------+-------------------------------------------
     0 | D:1      | qw the Minotaur Hexslinger began the quest for the Orb.
     0 | D:1      | Reached XP level 1. HP: 16/16 MP: 1/1
     0 | D:1      | 0 ||| qw: Version: 0.3-a-52-g30416fa
     0 | D:1      | 0 ||| qw: Game counter: 5629
     0 | D:1      | 0 ||| qw: Melee chars always use a shield: true
     0 | D:1      | 0 ||| qw: God list: Okawaru
     0 | D:1      | 0 ||| qw: Allow faded altars: false
     0 | D:1      | 0 ||| qw: Do Orc after clearing Dungeon:15 true
     0 | D:1      | 0 ||| qw: Do second Lair branch before Depths: true
     0 | D:1      | 0 ||| qw: Lair rune preference: random
     0 | D:1      | 0 ||| qw: Goals: Normal
     0 | D:1      | 0 ||| PLANNING D:1-11
   128 | D:1      | Reached skill level 3 in Ranged Weapons
   169 | D:1      | Reached XP level 2. HP: 23/23 MP: 2/2
   220 | D:1      | 220 ||| FLEEEEING.
   534 | D:1      | Found Guiz's Assorted Antiques.
   542 | D:1      | 542 ||| BUYING fuming puce potion (18 gold).
   542 | D:1      | Bought a fuming puce potion for 18 gold pieces
   542 | D:1      | 542 ||| SHOPLISTING pair of gloves (94 gold, have 55).
   542 | D:1      | 542 ||| BUYING purple potion (18 gold).
   542 | D:1      | Bought a purple potion for 18 gold pieces
   542 | D:1      | 542 ||| BUYING scroll labelled QEXALO YP XIC (21 gold).
   542 | D:1      | Bought a scroll labelled QEXALO YP XIC for 21 gold pieces
   542 | D:1      | 542 ||| SHOPLISTING scroll labelled ZUEPLI BULIYHEPT (21
                  | gold, have 16).
   651 | D:1      | 651 ||| UPGRADING to +0 ring mail.
   661 | D:1      | 661 ||| DROPPING +0 robe.
   662 | D:1      | 662 ||| UPGRADING to +1 hat.
   667 | D:1      | 667 ||| READING scroll labelled ZUEPLI BULIYHEPT.
   668 | D:1      | 668 ||| READING scroll labelled OLO VYDEGIGIL.
   669 | D:1      | 669 ||| READING scroll labelled QEXALO YP XIC.
   670 | D:1      | 670 ||| DROPPING scroll of poison.
   852 | D:2      | Reached XP level 3. HP: 29/29 MP: 3/3
   971 | D:2      | Noticed Terence
   982 | D:2      | Killed Terence
   983 | D:2      | Reached skill level 4 in Ranged Weapons
   983 | D:2      | Reached XP level 4. HP: 11/36 MP: 4/4
  1043 | D:2      | 1043 ||| FLEEEEING.
  1044 | D:2      | 1044 ||| FLEEEEING.
  1342 | D:2      | Reached skill level 1 in Armour
  1673 | D:2      | 1673 ||| READING scroll labelled ABLION SESSI.
  1674 | D:2      | 1674 ||| READING scroll labelled WORUERAERO.
  1675 | D:2      | 1675 ||| READING 2 scrolls of identify.
  1675 | D:2      | 1675 ||| IDENTIFYING red potion
  1700 | D:3      | Found a shimmering blue altar of Sif Muna.
  1823 | D:3      | Reached skill level 5 in Ranged Weapons
  1839 | D:3      | Reached skill level 3 in Fighting
  1839 | D:3      | Reached XP level 5. HP: 40/45 MP: 5/5
  1998 | D:3      | HP: 10/45 [gnoll/+0 spear (7)]
  2000 | D:3      | HP: 1/45 [gnoll/+0 spear (4)]
  2000 | D:3      | Slain by a gnoll

Levels and vault maps discovered:
D:1:      roderic_octagonal_star, layout_basic, serial_shops,
          nicolae_shop_overgrown_old_shop
D:2:      layout_basic, uniq_terence
D:3:      layout_loops_cross, amcnicky_altar_gilded

Skill      XL: |  1  2  3  4 |
---------------+-------------+-----
Ranged Weapons | 3 4 5 |  5.5
Fighting       | 2 3 |  3.0
Armour         | 1 |  1.0
Dodging        | |  2.1
Spellcasting   | |  1.0
Hexes          | |  2.0

Action                     |  1- 3 |  4- 6 || total
---------------------------+-------+-------++-------
   Fire: Sling             |    83 |   126 ||   209
    Use: Scroll            |     3 |     3 ||     6
 Armour: Robe              |     6 |       ||     6
         Ring mail         |     3 |    24 ||    27
  Dodge: Dodged            |    22 |    60 ||    82

Table legend:
 A = Non-vault XP
 B = Vault XP
 C = Vault XP percentage of total XP
 D = Non-vault monster count
 E = Vault monster count
 F = Vault count percentage of total count
                 A         B        C        D         E       F
            +---------+---------+-------+---------+---------+-------
      Total |     222 |      38 |  14.6 |      58 |       1 |   1.7
            +---------+---------+-------+---------+---------+-------
        D:1 |      37 |       0 |   0.0 |      20 |       0 |   0.0
        D:2 |      43 |      38 |  46.9 |      17 |       1 |   5.6
        D:3 |     142 |       0 |   0.0 |      21 |       0 |   0.0
            +---------+---------+-------+---------+---------+-------
